 Dungeon Crawl Stone Soup version 0.27.1 (webtiles) character file.

Game seed: 4716853115477533951

36 aster the Shield-Bearer (level 3, -1/29 HPs)
             Began as a Formicid Fighter on Aug 25, 2021.
             Slain by an ogre (18 damage)
             ... on level 2 of the Dungeon.
             The game lasted 00:07:06 (1342 turns).

aster the Shield-Bearer (Formicid Fighter)          Turns: 1342, Time: 00:07:07

Health: -1/29      AC:  7    Str: 21    XL:     3   Next: 57%
Magic:  3/3        EV:  8    Int:  7    God:
Gold:   120        SH:  9    Dex: 10    Spells: 2/2 levels left

rFire    . . .     SeeInvis +   a - +0 long sword
rCold    . . .     Faith    .   c - +0 kite shield
rNeg     . . .     Spirit   .   b - +0 scale mail
rPois    .         Reflect  .   (helmet unavailable)
rElec    .         Harm     .   f - scarf {+Inv}
rCorr    .         Rampage  .   (no gloves)
Will     .....                  (no boots)
Stlth    ..........             (no amulet)
HPRegen  0.09/turn              (no ring)
MPRegen  0.08/turn              (no ring)

@: no status effects
A: permanent stasis, dig shafts and tunnels, antennae 3, four strong arms
a: Dig, Shaft Self, Evoke Invisibility


You were on level 2 of the Dungeon.
You visited 1 branch of the dungeon, and saw 2 of its levels.

You collected 120 gold pieces.

Inventory:

Hand Weapons
 a - a +0 long sword (weapon)
Missiles
 g - 2 atropa-tipped darts
 h - 6 boomerangs
Armour
 b - a +0 scale mail (worn)
 c - a +0 kite shield (worn)
 f - a scarf of invisibility (worn)
Scrolls
 e - a scroll of teleportation {unknown}
Potions
 d - a potion of might
 i - a potion of curing {unknown}


   Skills:
 + Level 3.4 Fighting
 * Level 2.6 Long Blades
 * Level 0.1 Throwing
 + Level 3.7 Armour
 + Level 0.2 Dodging
 + Level 4.0 Shields


You had 2 spell levels left.
You didn't know any spells.
Your spell library contained the following spells:

 Spells                   Type           Power      Damage    Failure   Level
 Stone Arrow              Conj/Erth      0%         3d7       100%        3
 Petrify                  Tmut/Erth      0%         N/A       100%        4
 Statue Form              Tmut/Erth      0%         N/A       100%        6


Dungeon Overview and Level Annotations

Branches:
Dungeon (2/15)

Altars:

Shops:
D:1 (


Innate Abilities, Weirdness & Mutations

You cannot be hasted, slowed, berserked, paralysed or teleported.
You can dig through walls and to a lower floor.
You have a pair of large antennae on your head. (SInv)
Your four strong arms can wield two-handed weapons with a shield.


Message History

Your scale mail prevents you from hitting the frilled lizard.
The frilled lizard bites you but does no damage.
You barely miss the frilled lizard. You block the frilled lizard's attack.
The frilled lizard closely misses you.
You riposte.
You closely miss the frilled lizard. You closely miss the frilled lizard.
The frilled lizard barely misses you.
You barely miss the frilled lizard.
The frilled lizard bites you but does no damage.
The frilled lizard barely misses you.
You hit the frilled lizard.
You kill the frilled lizard!
No target in view!
You sense a monster nearby.
A quokka comes into view.
You hit the quokka but do no damage. You block the quokka's attack.
You slash the quokka!
You kill the quokka!
No target in view!
You see here a quokka corpse.
You see here a quokka corpse.
Found a rapier.
You see here a +0 rapier.
An ogre comes into view. It is wielding a +0 giant club.
The ogre shouts!
The ogre hits you with a +0 giant club!
You barely miss the ogre. The ogre barely misses you.
Your shield prevents you from hitting the ogre.
The ogre barely misses you.
You riposte.
You slash the ogre!
The ogre is moderately wounded.
You slash the ogre!
The ogre is severely wounded.
You block the ogre's attack.
You hit the ogre.
The ogre is almost dead.
You block the ogre's attack.
You closely miss the ogre.
The ogre is almost dead.
The ogre hits you with a +0 giant club!!
Ouch! That really hurt!
You die...

##†####.#
######.#.#
#...(###
........#
####.#
#.....##
#.####
####.....##
#.##..
...........
#.##.#
##.....##
#.##.#
#.......
#.##O#
###..###
#.##@# #..###
#.##.# #....#
#######.##.#
#.##.#
.......<##.#
#.##.#
##########.##
#.##.# #..#
####.##..
##.#
#....†...
##.##
#.....##.
#######...###
#.#...##.


You could see an ogre.

Vanquished Creatures
  A worm (D:2)
  3 bats
  4 endoplasms
  A giant cockroach (D:1)
  2 hobgoblins
  2 jackals (D:1)
  2 quokkas (D:2)
  2 ball pythons
  2 frilled lizards (D:2)
  2 goblins (D:1)
  2 kobolds
  8 rats (D:1)
31 creatures vanquished.

Notes
Turn   | Place    | Note
-------+----------+-------------------------------------------
     0 | D:1      | aster the Formicid Fighter began the quest for the Orb.
     0 | D:1      | Reached XP level 1. HP: 18/18 MP: 1/1
   127 | D:1      | Found Xelie's Weapon Boutique.
   330 | D:1      | Reached XP level 2. HP: 23/24 MP: 2/2
   333 | D:1      | Reached skill level 4 in Shields
   475 | D:1      | Found a faded altar of an unknown god.
   479 | D:1      | Got the Grimoire of Transmigration and Attacks
   635 | D:1      | Reached XP level 3. HP: 28/29 MP: 3/3
  1334 | D:2      | Noticed an ogre
  1342 | D:2      | Slain by an ogre

Illustrated notes

Levels and vault maps discovered:
D:1:      dpeg_arrival_tiny_d, layout_rooms, serial_shops, nicolae_square_shop,
          shapermc_ecumenical_altar_starsandcircs, minmay_misc_feat_tower,
          grunt_decor_clamped, chequers_mini_garden, minmay_rat_gold_closets
D:2:      layout_loops_ring

Skill      XL: |  1  2 |
---------------+-------+-----
Shields        | 4 |  4.0
Fighting       | |  3.4
Long Blades    | |  2.6
Throwing       | |  0.1
Armour         | |  3.7
Dodging        | |  0.2

Action                   || total
-------------------------++-------
Melee: Long sword        ||   102
Armor: Scale mail        ||    28
Dodge: Dodged            ||    32
Block: Kite shield       ||    49
       Rpst.: Long sword ||    10
